 Dungeon Crawl Stone Soup version 0.28-a0-8-g6e044cfa68 (webtiles) character file.

Game seed: 8773774446006107857

2025 Sobieck the Thaumaturge (level 9, -6/45 HPs)
             Began as a Deep Elf Fire Elementalist on July 24, 2021.
             Mangled by Maggie (7 damage)
             ... on level 6 of the Dungeon.
             The game lasted 00:12:05 (6851 turns).

Sobieck the Thaumaturge (DEFE)                      Turns: 6851, Time: 00:12:06

Health: -6/45      AC:  9    Str:  5    XL:     9   Next: 3%
Magic:  13/23      EV: 12    Int: 30    God:
Gold:   275        SH:  0    Dex: 15    Spells: 12/25 levels left

rFire   + . .      SeeInvis .   l - +1 long sword (venom) {long}
rCold   + . .      Faith    .   (no shield)
rNeg    . . .      Spirit   .   R - +2 robe {Will+}
rPois   .          Reflect  .   N - +1 helmet
rElec   +          Harm     .   (no cloak)
rCorr   .          Rampage  .   t - +2 pair of gloves
Will    +....                   (no boots)
Stlth   +++.......              u - amulet of magic regeneration {@e2}
HPRegen 0.15/turn               M - ring of Contentment {Drain rElec rC+ Int+6}
MPRegen 0.43/turn               U - ring of protection from fire

@: mesmerised
A: no striking features
a: no special abilities


You were on level 6 of the Dungeon.
You visited 1 branch of the dungeon, and saw 6 of its levels.
You also visited: Sewer.

You collected 275 gold pieces.


   Skills:
 - Level 2.4 Dodging
 - Level 6.0 Stealth
 + Level 8.8 Spellcasting
 + Level 6.9 Conjurations
 + Level 7.8 Fire Magic


You had 12 spell levels left.
You knew the following spells:

 Your Spells              Type           Power      Damage    Failure   Level
a - Foxfire               Conj/Fire      100%       2x1d9     1%          1
b - Conjure Flame         Conj/Fire      55%        6-21      1%          3
c - Sticky Flame          Conj/Fire      55%        2d7       1%          4
d - Fireball              Conj/Fire      27%        3d12      5%          5

Your spell library contained the following spells:

 Spells                   Type           Power      Damage    Failure   Level
 Inner Flame              Hex/Fire       36%        N/A       2%          3

Inventory:

Hand Weapons
 j - a +0 short sword {short}
   (You took it off a kobold on level 2 of the Dungeon)
 l - a +1 long sword of venom (weapon) {long}
   (You found it on level 3 of the Dungeon)
 s - a +0 short sword of speed {short}
   (You took it off a kobold on level 4 of the Dungeon)
 A - a +0 whip of electrocution {mace}
   (You took it off a kobold in a sewer)
 F - a +0 hand axe of freezing {axe}
   (You found it in a sewer)
 I - a +2 short sword of speed {short}
   (You took it off a kobold in a sewer)
 Q - a +1 whip of freezing {mace}
   (You took it off Pikel on level 5 of the Dungeon)
Missiles
 c - 2 curare-tipped darts {=fthrowing}
 d - 126 arrows
 f - 18 poisoned darts {throwing}
 i - 175 stones {throwing}
 k - 41 bolts
 p - 6 boomerangs {throwing}
 x - 17 sling bullets
Armour
 a - a +0 robe
 t - a +2 pair of gloves (worn)
   (You found it on level 5 of the Dungeon)
 N - a +1 helmet (worn)
   (You took it off Robin on level 4 of the Dungeon)
 R - a +2 robe of willpower (worn)
   (You took it off Pikel on level 5 of the Dungeon)
Magical Staves
 w - a staff of cold {!astaff}
   (You found it on level 5 of the Dungeon)
Jewellery
 u - an amulet of magic regeneration (around neck) {@e2}
   (You found it on level 5 of the Dungeon)
 M - the ring of Contentment (left hand) {Drain rElec rC+ Int+6}
   (You found it on level 4 of the Dungeon)

   [ring of intelligence]

   Int:       It affects your intelligence (+6).
   rC:        It protects you from cold.
   rElec:     It insulates you from electricity.
   Drain:     It drains your maximum health when unequipped.
 S - a +6 ring of strength
   (You found it on level 5 of the Dungeon)
 U - a ring of protection from fire (right hand)
   (You found it on level 5 of the Dungeon)
Wands
 o - a wand of paralysis (15)
   (You found it on level 3 of the Dungeon)
 q - a wand of polymorph (17)
   (You found it on level 3 of the Dungeon)
 T - a wand of flame (28)
   (You found it on level 5 of the Dungeon)
Scrolls
 e - a scroll of fear
 v - a scroll of brand weapon
 z - 2 scrolls of enchant armour
 C - a scroll of magic mapping {!r}
 H - 2 scrolls of teleportation {@r4}
Potions
 b - 2 potions of curing {@q1}
 h - 3 potions of resistance
 m - 3 potions of heal wounds {@q2}
 n - a potion of ambrosia {unknown}
 B - a potion of brilliance {unknown}
 D - 2 potions of magic {unknown}
 E - a potion of cancellation {unknown}
 G - 2 potions of haste {unknown}
 L - a potion of invisibility {unknown}
 P - a potion of flight {unknown}

Dungeon Overview and Level Annotations

Branches:
Dungeon (6/15)              Sewer (visited)
 Temple: D:4-7

Altars:
Cheibriados
Dithmenos
Elyvilon
Hepliaklqana
Okawaru
Ru
Sif Muna
Trog
Wu Jian
The Shining One

Shops:
D:1 (   D:3 (   D:5 [

Annotations:
D:3 exclusion: downstairs
D:5 2 transporters
D:6 Maggie

########......###....#...........
###......##.##.........##....
#.......##...##..#...........
#.##...##.....##.........##..
#.#...##.......##............
#...###...._....###...#......
###...##.......##.......##...
##...##..ยงvv##.....#..##...
###..##..@v#..#...........
#...##@##..........,....
###..###..#........,....
##..#..#.........,....
##.#............,....
#....###.....#.,.... ##...#
*#......,.... #..## *..#...,....
#### *######*...,


You could see Maggie (mesmerising, burning, ally target).


Message History

You lost 1 mp, and now have 21/23 mp.
You conjure some foxfire!
The foxfire hits the bullfrog skeleton!
You conjure some foxfire!
The foxfire hits the bullfrog skeleton! x2
You destroy the bullfrog skeleton! ๐Ÿ˜Ž MP[-1]
You lost 1 mp, and now have 20/23 mp.
You conjure some foxfire! ๐Ÿ˜Ž MP[-1]
You lost 1 mp, and now have 19/23 mp.
h - 3 potions of resistance (gained 1)
An adder comes into view. ๐Ÿ˜Ž MP[+4]
Your mp is fully restored (23).
You conjure some foxfire! ๐Ÿ˜Ž MP[-1]
You lost 1 mp, and now have 22/23 mp.
You conjure some foxfire!
You conjure some foxfire! ๐Ÿ˜Ž MP[-1]
You lost 1 mp, and now have 21/23 mp.
You conjure some foxfire!
The foxfire hits the adder. x2
The foxfire hits the adder!
You kill the adder!
You conjure some foxfire! ๐Ÿ˜Ž MP[-1]
You lost 1 mp, and now have 20/23 mp.
Found an escape hatch in the floor. ๐Ÿ˜Ž MP[+3]
Your mp is fully restored (23).
Maggie shouts!
z - 2 scrolls of enchant armour (gained 1)
You open the door.
Maggie casts a spell.
Maggie attempts to bespell you!
You are mesmerised by Maggie!
There is an open door here.
Maggie is nearby!
Casting: Foxfire (safe; 1% risk of failure)
Confirm with . or Enter, or press ? or * to list all spells.
The spell is quite dangerous to cast (5% risk of failure)!
Continue anyway? [Y]es or [N]o only, please.
The spell is quite dangerous to cast (5% risk of failure)!
Continue anyway?
Aiming: Fireball (quite dangerous; 5% risk of failure)
Press: ? - help, Shift-Dir - straight line, f - Maggie
Aim: Maggie, wielding a +0 glaive of distortion and wearing +0 swamp dragon scales (mesmerising)
The fireball explodes!
The fireball engulfs Maggie!
Maggie barely misses you. ๐Ÿ˜Ž MP[-5]
You lost 5 mp, and now have 18/23 mp.
You conjure some foxfire!
Maggie misses you.
The foxfire hits Maggie.
Maggie hits you from afar with a +0 glaive of distortion.
Space bends around you. ๐Ÿ˜• HP[-8]
You take 8 damage, and now have 37/45 hp.
Maggie hits you with a +0 glaive of distortion!
Space warps horribly around you!
* * * LOW HITPOINT WARNING * * *
๐Ÿ˜จ HP[-25]
You take 25 damage, and now have 12/45 hp.
MASSIVE DAMAGE!! (PAUSE)
Casting: Foxfire (safe; 1% risk of failure)
Confirm with . or Enter, or press ? or * to list all spells.
Aiming: Sticky Flame (dangerous; 1% risk of failure)
Press: ? - help, Shift-Dir - straight line, f - Maggie
Aim: Maggie, wielding a +0 glaive of distortion and wearing +0 swamp dragon scales (moderately wounded, mesmerising, 100% to hit)
The sticky flame hits Maggie.
Maggie is covered in liquid flames!
Maggie burns!
Maggie gestures wildly while chanting.
Maggie draws you further into her thrall. ๐Ÿ˜จ HP[+1] MP[-3]
You lost 3 mp, and now have 15/23 mp.
Casting: Sticky Flame (dangerous; 1% risk of failure)
Confirm with . or Enter, or press ? or * to list all spells.
Okay, then.
You are too injured to fight recklessly!
Casting: Sticky Flame (dangerous; 1% risk of failure)
Confirm with . or Enter, or press ? or * to list all spells.
You conjure some foxfire!
Maggie burns!
Maggie closely misses you. ๐Ÿ˜จ MP[-1]
You lost 1 mp, and now have 14/23 mp.
Casting: Foxfire (safe; 1% risk of failure)
Confirm with . or Enter, or press ? or * to list all spells.
You conjure some foxfire!
Maggie burns!
The foxfire hits Maggie but does no damage.
The foxfire hits Maggie.
Maggie barely misses you.
Casting: Foxfire (safe; 1% risk of failure)
Confirm with . or Enter, or press ? or * to list all spells.
You conjure some foxfire!
Maggie burns!
The foxfire hits Maggie. x2
Maggie points at you and mumbles some strange words.
The bolt of fire hits you. You resist.
* * * LOW HITPOINT WARNING * * *
๐Ÿ˜ฑ HP[-2] MP[-1]
You take 2 damage, and now have 11/45 hp.
You lost 1 mp, and now have 13/23 mp.
Casting: Foxfire (safe; 1% risk of failure)
Confirm with . or Enter, or press ? or * to list all spells.
You conjure some foxfire!
Maggie burns!
The foxfire hits Maggie.
Maggie hits you with a +0 glaive of distortion!
* * * LOW HITPOINT WARNING * * *
Space bends around you!
You die...

Skill      XL: |  1  2  3  4  5  6  7  8 |
---------------+-------------------------+-----
Stealth        | 3 4 5 6 |  6.0
Conjurations   | 2 3 4 5 6 |  6.9
Fire Magic     | 4 5 7 |  7.8
Spellcasting   | 5 7 8 |  8.8
Dodging        | |  2.4

Action                   |  1- 3 |  4- 6 |  7- 9 || total
-------------------------+-------+-------+-------++-------
Melee: Long sword        |       |    18 |       ||    18
 Cast: Foxfire           |    48 |   220 |   180 ||   448
       Sticky Flame      |       |       |     5 ||     5
       Fireball          |       |       |     1 ||     1
  Use: Scroll            |       |       |    14 ||    14
Armor: Robe              |     1 |     9 |     2 ||    12
Dodge: Dodged            |     3 |    27 |    10 ||    40
       Rpst.: Long sword |       |     8 |     2 ||    10

Levels and vault maps discovered:
D:1:      lightli_arrival_boilingwater, layout_loops_cross, serial_shops, shop
D:2:      layout_basic, uniq_natasha
D:3:      layout_basic, serial_shops, shop_fountains, hex_intersection,
          uniq_sigmund
D:4:      layout_rooms, mainiacjoe_overflow_alcove_1, kennysheep_dice,
          uniq_grinder, uniq_robin, uniq_pikel
D:5:      layout_layer_cave, trog_ov_bears_minmay, serial_shops,
          nicolae_shop_waterfront, gammafunk_ghost_gnarly_gnolls,
          gup_sewer_entry_pipe, kennysheep_generic_room_4
D:6:      layout_cave_pools, minitemple, tso_metal_star, uniq_maggie

Notes
Turn   | Place    | Note
-------+----------+-------------------------------------------
     0 | D:1      | Sobieck the Deep Elf Fire Elementalist began the quest for
                  | the Orb.
     0 | D:1      | Reached XP level 1. HP: 10/10 MP: 6/6
     0 | D:1      | magus.rc [v1.9.6]
   199 | D:1      | Found Paruplu's Weapon Shop.
   664 | D:2      | Reached XP level 2. HP: 15/15 MP: 2/8
   952 | D:2      | Reached skill level 3 in Stealth
  1005 | D:2      | Noticed Natasha
  1010 | D:2      | Killed Natasha
  1011 | D:2      | Reached skill level 2 in Conjurations
  1011 | D:2      | Reached XP level 3. HP: 19/19 MP: 5/10
  1390 | D:2      | Reached XP level 4. HP: 24/24 MP: 7/11
  1500 | D:2      | Learned a level 3 spell: Conjure Flame
  1505 | D:2      | Learned a level 4 spell: Sticky Flame
  1657 | D:2      | Reached skill level 4 in Fire Magic
  1807 | D:2      | Noticed Natasha
  1811 | D:2      | Killed Natasha
  1812 | D:2      | Reached skill level 4 in Spellcasting
  2016 | D:2      | Noticed Natasha
  2038 | D:2      | Killed Natasha
  2132 | D:3      | Noticed Sigmund
  2139 | D:3      | Killed Sigmund
  2140 | D:3      | Reached skill level 4 in Stealth
  2140 | D:3      | Reached skill level 5 in Spellcasting
  2140 | D:3      | Reached skill level 3 in Conjurations
  2140 | D:3      | Reached XP level 5. HP: 28/28 MP: 7/14
  2140 | D:3      | Reached XP level 6. HP: 32/32 MP: 7/15
  2331 | D:4      | Found a hazy altar of Hepliaklqana.
  2331 | D:4      | Noticed Pikel
  2470 | D:3      | Found Igulugg's Weapon Boutique.
  2923 | D:4      | Noticed Grinder
  2928 | D:4      | Noticed Robin
  2938 | D:4      | Killed Robin
  2950 | D:5      | Entered Level 5 of the Dungeon
  3059 | D:5      | Found Ceurus's Armour Shoppe.
  3242 | D:5      | Reached skill level 5 in Stealth
  3242 | D:5      | Reached skill level 5 in Fire Magic
  3300 | D:5      | Found a transporter.
  3446 | D:5      | Found a glowing drain.
  3464 | Sewer    | Entered a sewer
  3919 | Sewer    | Reached skill level 4 in Conjurations
  3919 | Sewer    | Reached XP level 7. HP: 36/36 MP: 12/17
  4204 | D:5      | HP: 7/36 [Pikel (9)]
  4687 | D:4      | Paralysed by Grinder for 7 turns
  4697 | D:4      | Killed Grinder
  4698 | D:4      | Reached skill level 6 in Stealth
  4698 | D:4      | Reached skill level 6 in Spellcasting
  4893 | D:4      | Identified the ring of Contentment {Drain rElec rC+ Int+6}
  4959 | D:4      | Reached skill level 6 in Fire Magic
  4971 | D:4      | Learned a level 5 spell: Fireball
  5257 | D:5      | Killed Pikel
  5258 | D:5      | Reached skill level 7 in Spellcasting
  5258 | D:5      | Reached skill level 5 in Conjurations
  5258 | D:5      | Reached skill level 7 in Fire Magic
  5258 | D:5      | Reached XP level 8. HP: 19/41 MP: 15/21
  5591 | D:5      | Reached skill level 6 in Conjurations
  5840 | D:5      | Found a bloodstained altar of Trog.
  5848 | D:5      | Reached skill level 8 in Spellcasting
  6074 | D:5      | Found a transporter.
  6417 | D:6      | Found a glowing golden altar of the Shining One.
  6417 | D:6      | Noticed Maggie
  6455 | D:6      | Found a shimmering blue altar of Sif Muna.
  6456 | D:6      | Found a sacrificial altar of Ru.
  6457 | D:6      | Found an ornate altar of the Wu Jian Council.
  6457 | D:6      | Found a shadowy altar of Dithmenos.
  6458 | D:6      | Found a white marble altar of Elyvilon.
  6459 | D:6      | Found a snail-covered altar of Cheibriados.
  6460 | D:6      | Found an iron altar of Okawaru.
  6604 | D:6      | Reached XP level 9. HP: 45/45 MP: 17/23
  6850 | D:6      | HP: 11/45 [Maggie/bolt of fire (2)]
  6851 | D:6      | HP: 1/45 [Maggie (10)]
  6851 | D:6      | Mangled by Maggie

Vanquished Creatures
  Pikel (D:5)
  Grinder (D:4)
  Sigmund (D:3)
  2 black bears (D:5)
  A sky beast (D:5)
  An ogre (D:6)
  A phantom (D:6)
  4 lemures (D:4)
  A bullfrog zombie (D:5)
  A bullfrog skeleton (D:6)
  An orc priest (D:4)
  A centaur skeleton (D:5)
  2 hounds
  Natasha (thrice) (D:2)
  6 iguanas
  An orc wizard (D:4)
  A hound skeleton (D:4)
  Robin (D:4)
  9 adders
  3 gnolls (D:5)
  6 river rats (Sewer)
  A shadow imp (D:5)
  A white imp (D:5)
  A worm (D:2)
  A dart slug (D:2)
  10 orcs
  9 ball pythons
  A bat (D:2)
  6 endoplasms
  6 giant cockroaches
  14 goblins
  7 hobgoblins
  4 jackals
  6 quokkas
  3 frilled lizards
  A jackal skeleton (D:4)
  20 kobolds
  20 rats
159 creatures vanquished.

Vanquished Creatures (collateral kills)
  A foxfire (D:5)
1 creature vanquished.

Vanquished Creatures (others)
  773 foxfires
  6 plants (D:5)
779 creatures vanquished.

Grand Total: 939 creatures vanquished

Table legend:
 A = Non-vault XP
 B = Vault XP
 C = Vault XP percentage of total XP
 D = Non-vault monster count
 E = Vault monster count
 F = Vault count percentage of total count
                 A         B        C        D         E       F
            +---------+---------+-------+---------+---------+-------
      Total |    1094 |    1799 |  62.2 |      77 |      78 |  50.3
            +---------+---------+-------+---------+---------+-------
        D:1 |      13 |       0 |   0.0 |       7 |       0 |   0.0
        D:2 |     118 |      36 |  23.4 |      16 |       1 |   5.9
        D:3 |      32 |     227 |  87.6 |      11 |       1 |   8.3
        D:4 |     128 |     348 |  73.1 |      19 |      14 |  42.4
        D:5 |     406 |    1005 |  71.2 |      16 |      14 |  46.7
        D:6 |     397 |       0 |   0.0 |       8 |       0 |   0.0
      Sewer |       0 |     183 | 100.0 |       0 |      48 | 100.0
            +---------+---------+-------+---------+---------+-------

Illustrated notes

Table legend:
 A = Kills in this place as a percentage of kills in entire the game.
 B = Kills by you in this place as a percentage of kills by you in the entire game.
 C = Kills by friends in this place as a percentage of kills by friends in the entire game.
 D = Other kills in this place as a percentage of other kills in the entire game.
 E = Experience gained in this place as a percentage of experience gained in the entire game.
 F = Experience gained in this place divided by the number of levels of this place that you have seen.
                   A       B       C       D       E      F
               +-------+-------+-------+-------+-------+----------------------
         Total | 100.0 | 100.0 |   N/A |   N/A | 100.0 | 413.3
       Dungeon |  69.0 |  69.0 |   N/A |   N/A |  93.7 | 451.7
         Sewer |  31.0 |  31.0 |   N/A |   N/A |   6.3 | 183.0
               +-------+-------+-------+-------+-------+----------------------

Table legend: (Time is in decaauts)
 A = Elapsed time spent in this place.
 B = Non-inter-level travel time spent in this place.
 C = Inter-level travel time spent in this place.
 D = Time resting spent in this place.
 E = Time spent auto-exploring this place.
 F = Levels seen in this place.
 G = Mean time per level.
                   A        B        C        D        E       F      G
               +--------+--------+--------+--------+--------+-----+--------+
         Total |   6891 |   6552 |    339 |    669 |   4846 |   7 |  984.4 |
       Dungeon |   6237 |   5898 |    339 |    669 |   4369 |   6 | 1039.5 |
         Sewer |    654 |    654 |      0 |      0 |    477 |   1 |  654.0 |
               +--------+--------+--------+--------+--------+-----+--------+

Top non-repeatable levels by time:
     D:5: 1743 daAuts
     D:2: 1114 daAuts
     D:3: 1091 daAuts
     D:4: 992 daAuts
     D:1: 782 daAuts
   Sewer: 654 daAuts
     D:6: 513 daAuts
